 Dungeon Crawl Stone Soup version 0.28-a0-664-gc179e30c89 (webtiles) character file.

Game seed: 14049006594370101495

7820 BlueGoblin the Spry (level 11, -8/64 HPs)
             Began as an Octopode Brigand on Oct 15, 2021.
             Was an Initiate of Gozag.
             Mangled by a komodo dragon (12 damage)
             ... on level 1 of the Lair of Beasts.
             The game lasted 00:22:47 (12185 turns).

BlueGoblin the Spry (Octopode Brigand)             Turns: 12185, Time: 00:22:48

Health: -8/64      AC:  5    Str: 14    XL:     11   Next: 21%
Magic:  11/11      EV: 23    Int: 16    God:    Gozag
Gold:   1153       SH:  5    Dex: 17    Spells: 10/10 levels left

rFire   . . .      SeeInvis .   a - +2 quick blade "Toirixuc" {flame, rPois rC- Str+3 Int+3}
rCold   . . .      Faith    .   (no shield)
rNeg    . . .      Spirit   .   (helmet restricted)
rPois   +          Reflect  +   A - amulet of reflection
rElec   .          Harm     .   u - +4 ring of protection
rCorr   .          Rampage  .   v - ring of protection from cold
Will    .....                   (no ring)
Stlth   ++++......              (no ring)
HPRegen 0.20/turn               (no ring)
MPRegen 0.12/turn               (no ring)
                                (no ring)
                                (no ring)

@: mighty, studying Staves
A: almost no armour, amphibious, 8 rings, camouflage 1, gelatinous body 1,
(nimble swimmer 1), tentacles
a: Renounce Religion, Potion Petition, Call Merchant, Bribe Branch


You were on level 1 of the Lair of Beasts.
You worshipped Gozag.
Gozag was most pleased with you.
You visited 3 branches of the dungeon, and saw 10 of its levels.
You also visited: Ossuary.

You collected 1228 gold pieces.
You paid 75 gold pieces to Gozag.

Inventory:

Hand Weapons
 a - the +2 quick blade "Toirixuc" (weapon) {flame, rPois rC- Str+3 Int+3}
   (You acquired it on level 6 of the Dungeon)

   It burns those it strikes, dealing additional fire damage.
   Str:       It affects your strength (+3).
   Int:       It affects your intelligence (+3).
   rC:        It makes you vulnerable to cold.
   rPois:     It protects you from poison.
 b - the +8 storm bow {elec, penet}
   (You found it on level 7 of the Dungeon)

   Any ammunition fired from it occasionally discharges a powerful burst of
   electricity upon striking a foe.
   Any ammunition fired by it passes through the targets it hits, potentially
   hitting all targets in its path until it reaches maximum range.
 p - a +2 trident of venom
 w - a +2 dagger
 B - a +2 dagger of electrocution
 C - a +0 dagger of speed
Missiles
 c - 3 curare-tipped darts
 o - 76 arrows
 t - a throwing net
 y - 8 poisoned darts (quivered)
Jewellery
 u - a +4 ring of protection (left tentacle)
 v - a ring of protection from cold (right tentacle)
 A - an amulet of reflection (around mantle)
Wands
 h - a wand of charming (10)
 m - a wand of acid (15)
Scrolls
 j - 2 scrolls of magic mapping
 k - 2 scrolls of amnesia
 q - 5 scrolls of identify
Potions
 e - a potion of lignification {unknown}
 f - 2 potions of resistance
 g - 2 potions of flight {unknown}
 i - 2 potions of brilliance {unknown}
 l - 3 potions of haste
 n - 2 potions of mutation {unknown}
 r - 4 potions of magic {unknown}
 s - a potion of attraction {unknown}
 x - a potion of experience {unknown}
 z - a potion of cancellation {unknown}


   Skills:
 - Level 2.0 Fighting
 - Level 2.0 Short Blades
 - Level 2.0 Throwing
 * Level 16.6 Dodging
 - Level 5.3 Stealth


You had 10 spell levels left.
You didn't know any spells.
Your spell library contained the following spells:

 Spells                   Type           Power      Damage    Failure   Level
 Animate Skeleton         Necr           0%         N/A       26%         1
 Apportation              Tloc           0%         N/A       26%         1
 Summon Small Mammal      Summ           0%         N/A       26%         1
 Blink                    Tloc           N/A        N/A       36%         2
 Ensorcelled Hibernation  Hex/Ice        0%         N/A       36%         2
 Tukima's Dance           Hex            0%         N/A       58%         3
 Manifold Assault         Tloc           0%         N/A       100%        5
 Storm Form               Tmut/Air       0%         N/A       100%        7


Dungeon Overview and Level Annotations

Branches:
Dungeon (8/15)             Temple (1/1) D:5            Lair (1/6) D:8
Ossuary (visited)

Altars:
Ashenzari
Cheibriados
Dithmenos
Elyvilon
Fedhas
Gozag
Hepliaklqana
Kikubaaqudgha
Makhleb
Nemelex Xobeh
Okawaru
Qazlal
Ru
Sif Muna
Trog
Uskayaw
Vehumet
Wu Jian
Xom
Yredelemnul
Zin
The Shining One


Innate Abilities, Weirdness & Mutations

You cannot wear most types of armour.
You are amphibious.
You can wear up to eight rings at the same time.
Your skin changes colour to match your surroundings (Stealth+).
Your rubbery body absorbs attacks. (AC +1, EV +1)
((You are camouflaged near water. (Stealth+)))
You have tentacles for arms and can constrict up to eight enemies at once.


Message History

Your surroundings suddenly seem different.
A komodo dragon comes into view.
Found 6 datura-tipped darts.
The komodo dragon hisses angrily.
The komodo dragon closely misses you.
You completely miss the komodo dragon. The komodo dragon misses you.
You hit the komodo dragon but do no damage.
You hit the komodo dragon but do no damage.
The komodo dragon barely misses you.
You completely miss the komodo dragon. You hit the komodo dragon.
You burn the komodo dragon.
The komodo dragon is lightly wounded.
You block the komodo dragon's attack.
You hit the komodo dragon. You burn the komodo dragon.
The komodo dragon is lightly wounded.
The komodo dragon barely misses you.
You hit the komodo dragon. You burn the komodo dragon.
You squeeze the komodo dragon, but do no damage.
The komodo dragon is lightly wounded.
You barely miss the komodo dragon.
The komodo dragon is lightly wounded.
The komodo dragon closely misses you.
You barely miss the komodo dragon.
The komodo dragon is lightly wounded.
You closely miss the komodo dragon. Your squeeze misses the komodo dragon.
The komodo dragon is lightly wounded.
The komodo dragon closely misses you.
You feel better. The komodo dragon misses you.
You hit the komodo dragon but do no damage.
The komodo dragon is lightly wounded.
The komodo dragon bites you!!
* * * LOW HITPOINT WARNING * * *
You hit the komodo dragon but do no damage.
The komodo dragon is lightly wounded.
A water moccasin comes into view.
You feel very mighty all of a sudden.
The water moccasin hisses angrily.
The komodo dragon bites you!
You die...
Your body crumbles into a pile of gold.

##(......#
........##
#.......P#
........#
#......#
#...#.##
##.....#
##......#
#l@.....#
#.......#
#........#
#.......##
#.......#
#.......##
##!......#
######..S...##
##...P#$......#


You could see a komodo dragon and a water moccasin.

Vanquished Creatures
  Harold (Lair:1)
  Joseph (D:8)
  A black mamba (Lair:1)
  A cane toad (Lair:1)
  A hornet (D:8)
  A troll (D:7)
  Grinder (D:3)
  4 yaks (D:8)
  Sigmund (D:2)
  2 wyverns (D:8)
  2 basilisks (D:8)
  A steam dragon (D:7)
  Menkaure (D:4)
  10 water moccasins
  3 black bears
  2 ogres
  2 wolves (D:8)
  2 centaurs (D:4)
  A phantom (D:4)
  4 bullfrogs
  A kobold brigand (D:6)
  9 scorpions
  A water moccasin skeleton (D:5)
  2 howler monkeys (D:8)
  4 wights (D:8)
  4 centaur zombies
  2 hounds (D:5)
  4 orc priests
  A centaur skeleton (D:6)
  2 gnoll shamans
  2 human zombies (Ossuary)
  Crazy Yiuf (D:2)
  A bullfrog skeleton (D:5)
  2 iguanas
  6 scorpion zombies (Ossuary)
  3 orc wizards (D:8)
  3 mummies (Ossuary)
  2 howler monkey zombies
  12 gnolls
  2 adders
  A white imp (D:7)
  3 ufetubi
  An adder zombie (D:5)
  3 worms
  A dart slug (D:3)
  16 orcs
  4 bats
  9 endoplasms
  2 giant cockroaches
  A gnoll zombie (Ossuary)
  10 goblins
  4 hobgoblins
  8 jackals
  5 quokkas
  5 ball pythons
  5 frilled lizards
  4 goblin zombies (Ossuary)
  2 hobgoblin zombies (Ossuary)
  8 kobolds
  3 kobold zombies
  3 orc zombies (Ossuary)
  4 rats
208 creatures vanquished.

Vanquished Creatures (others)
  A bush (D:8)
  7 fungi (D:8)
  15 plants (D:8)
  4 toadstools (D:1)
27 creatures vanquished.

Grand Total: 235 creatures vanquished

Notes
Turn   | Place    | Note
-------+----------+-------------------------------------------
     0 | D:1      | BlueGoblin the Octopode Brigand began the quest for the
                  | Orb.
     0 | D:1      | Reached XP level 1. HP: 14/14 MP: 1/1
   253 | D:1      | Found a faded altar of an unknown god.
   291 | D:1      | Reached skill level 2 in Dodging
   291 | D:1      | Reached XP level 2. HP: 19/19 MP: 2/2
   841 | D:2      | Reached XP level 3. HP: 24/24 MP: 3/3
   889 | D:2      | Reached skill level 3 in Dodging
  1170 | D:2      | Noticed Sigmund
  1176 | D:2      | Killed Sigmund
  1177 | D:2      | Reached skill level 5 in Dodging
  1177 | D:2      | Reached XP level 4. HP: 12/29 MP: 4/4
  1177 | D:2      | Reached XP level 5. HP: 15/34 MP: 5/5
  1638 | D:2      | Found a runed translucent door.
  1639 | D:2      | Noticed Crazy Yiuf
  1649 | D:2      | Killed Crazy Yiuf
  1650 | D:2      | Reached XP level 6. HP: 20/39 MP: 6/6
  1912 | D:3      | Reached skill level 6 in Dodging
  2465 | D:3      | Noticed Grinder
  2473 | D:3      | Paralysed by Grinder for 2 turns
  2483 | D:3      | HP: 1/39 [Grinder (4)]
  2484 | D:3      | Killed Grinder
  2485 | D:3      | Reached skill level 7 in Dodging
  2485 | D:3      | Reached XP level 7. HP: 1/45 MP: 7/7
  3125 | D:4      | Noticed Menkaure
  3127 | D:4      | Killed Menkaure
  3182 | D:4      | Reached skill level 8 in Dodging
  3666 | D:4      | Found a radiant altar of Vehumet.
  3830 | D:5      | Entered Level 5 of the Dungeon
  3845 | D:5      | Found a staircase to the Ecumenical Temple.
  3855 | Temple   | Entered the Ecumenical Temple
  3975 | Temple   | Became a worshipper of Gozag Ym Sagoz the Greedy
  4209 | D:4      | Reached XP level 8. HP: 19/50 MP: 8/8
  4413 | D:5      | Reached skill level 9 in Dodging
  4460 | D:5      | Found a sand-covered staircase.
  4469 | Ossuary  | Entered an ossuary
  5122 | Ossuary  | Reached skill level 10 in Dodging
  5812 | Ossuary  | Reached skill level 11 in Dodging
  5814 | Ossuary  | HP: 2/50 [poisoned by a scorpion]
  5816 | Ossuary  | Reached XP level 9. HP: 9/54 MP: 9/9
  6944 | D:6      | Reached skill level 12 in Dodging
  7927 | D:6      | Identified a scroll of acquirement
  7927 | D:6      | Acquired the +2 quick blade "Toirixuc" {flame, rPois rC-
                  | Str+3 Int+3}
  7980 | D:7      | Found the +8 storm bow {elec, penet}
  8357 | D:7      | Found a flagged portal.
  8906 | D:8      | Noticed a hornet
  8927 | D:8      | Killed a hornet
  8928 | D:8      | Reached skill level 13 in Dodging
  9051 | D:8      | Found a staircase to the Lair.
  9073 | D:8      | Reached XP level 10. HP: 32/60 MP: 10/10
  9258 | D:8      | Reached skill level 14 in Dodging
 10295 | D:8      | Reached skill level 15 in Dodging
 10853 | D:8      | Noticed Joseph
 10866 | D:8      | Killed Joseph
 11665 | Lair:1   | Entered Level 1 of the Lair of Beasts
 11669 | Lair:1   | Noticed Harold
 11699 | Lair:1   | Killed Harold
 11700 | Lair:1   | Reached skill level 16 in Dodging
 11700 | Lair:1   | Reached XP level 11. HP: 9/64 MP: 11/11
 12185 | Lair:1   | Mangled by a komodo dragon

Illustrated notes

Levels and vault maps discovered:
D:1:      ldierk_walled_garden_2, layout_rooms,
          chequers_ecumenical_altar_simple_redux
D:2:      layout_loops_ring, nrook_mini_backslash, uniq_sigmund,
          uniq_crazy_yiuf_cottage
D:3:      layout_loops_ring, uniq_grinder
D:4:      layout_cave_pools, fiery_altar_vehumet, amethyst_killhole,
          minmay_manual_mares, uniq_menkaure
D:5:      layout_basic, minmay_temple_entry_arrows, enter_ossuary_3
D:6:      layout_gridville
D:7:      layout_basic, enter_bailey_8
D:8:      layout_rooms, minmay_lair_entry_grove, uniq_joseph
Temple:   compressed_dpeg_circular_temple
Lair:1:   layout_hall_layers, uniq_harold

Skill      XL: |  1  2  3  4  5  6  7  8  9 10 |
---------------+-------------------------------+-----
Dodging        | 2 5 7 8 11 13 16 | 16.6
Fighting       | |  2.0
Short Blades   | |  2.0
Throwing       | |  2.0
Stealth        | |  5.3

Action                   |  1- 3 |  4- 6 |  7- 9 | 10-12 || total
-------------------------+-------+-------+-------+-------++-------
Melee: Dagger            |    46 |    69 |   323 |       ||   438
       Constrict         |    11 |    12 |    70 |    35 ||   128
       Tentacles         |     7 |    11 |    93 |   103 ||   214
       Quick blade       |       |       |    66 |   329 ||   395
 Fire: Longbow           |       |       |       |    14 ||    14
Throw: Dart              |       |       |     1 |       ||     1
Evoke: Wand              |       |       |     2 |       ||     2
  Use: Scroll            |     7 |       |     7 |       ||    14
       Potion            |       |     1 |     2 |     2 ||     5
 Stab: Sleeping          |    13 |    14 |    19 |     2 ||    48
       Distracted        |     1 |       |     2 |     2 ||     5
Armor: Skin              |     1 |     1 |    34 |    24 ||    60
Dodge: Dodged            |    11 |    26 |   310 |   223 ||   570
Block: Other             |       |       |    12 |    51 ||    63
       Reflection        |       |       |       |     3 ||     3

Table legend: (Time is in decaauts)
 A = Elapsed time spent in this place.
 B = Non-inter-level travel time spent in this place.
 C = Inter-level travel time spent in this place.
 D = Time resting spent in this place.
 E = Time spent auto-exploring this place.
 F = Levels seen in this place.
 G = Mean time per level.
                   A        B        C        D        E       F      G
               +--------+--------+--------+--------+--------+-----+--------+
         Total |  12003 |  11680 |    323 |   3650 |   5683 |  11 | 1091.2 |
       Dungeon |   9923 |   9630 |    293 |   2433 |   5335 |   8 | 1240.4 |
        Temple |    151 |    121 |     30 |      0 |     75 |   1 |  151.0 |
          Lair |    242 |    242 |      0 |      0 |    126 |   1 |  242.0 |
       Ossuary |   1686 |   1686 |      0 |   1217 |    147 |   1 | 1686.0 |
               +--------+--------+--------+--------+--------+-----+--------+

Top non-repeatable levels by time:
     D:8: 2115 daAuts
 Ossuary: 1686 daAuts
     D:7: 1362 daAuts
     D:6: 1258 daAuts
     D:3: 1221 daAuts
     D:2: 1085 daAuts
     D:4: 1079 daAuts
     D:5: 994 daAuts
     D:1: 806 daAuts
  Lair:1: 242 daAuts
  Temple: 151 daAuts
